 Dungeon Crawl Stone Soup version 0.30.1-9-gdf580d7c3d (webtiles) character file.

Game seed: 11423477354728672783

35 monkeyman the Slasher (level 3, -1/29 HPs)
             Began as a Human Berserker on Oct 18, 2023.
             Was a Believer of Trog.
             Slain by a hobgoblin (6 damage)
             ... on level 2 of the Dungeon on Oct 23, 2023.
             The game lasted 00:06:19 (1532 turns).

monkeyman the Slasher (Human Berserker)             Turns: 1532, Time: 00:06:20

Health: -1/29      AC:  2    Str: 19    XL:     3   Next: 55%
Magic:  3/3        EV: 12    Int:  7    God:    Trog [**....]
Gold:   47         SH:  0    Dex: 12    Spells: 2/2 levels left

rFire   . . .        a - +0 falchion
rCold   . . .        e - orb {mayhem}
rNeg    . . .        b - +0 animal skin
rPois   .            (no helmet)
rElec   .            (no cloak)
rCorr   .            (no gloves)
SInv    +            (no boots)
Will    .....        (no amulet)
Stlth   +            c - ring of see invisible
HPRegen 0.24/turn    d - ring of see invisible
MPRegen 0.08/turn

%: mayhem
@: no status effects
A: no striking features
a: Renounce Religion, Berserk, Trog's Hand


You were on level 2 of the Dungeon.
You worshipped Trog.
Trog was pleased with you.
You visited 1 branch of the dungeon, and saw 2 of its levels.

You collected 47 gold pieces.

Inventory:

Hand Weapons
 a - a +0 falchion (weapon)
Armour
 b - a +0 animal skin (worn)
 e - an orb of mayhem (worn)
Jewellery
 c - a ring of see invisible (left hand)
 d - a ring of see invisible (right hand)
Scrolls
 f - 3 scrolls of identify {unknown}
 h - 3 scrolls of blinking {unknown}
 i - a scroll of noise {unknown}
 j - a scroll of fog {unknown}
Potions
 g - a potion of degeneration {unknown}


   Skills:
 + Level 3.4 Fighting
 + Level 3.5 Long Blades
 - Level 2.0 Armour
 + Level 2.6 Dodging


You had 2 spell levels left.
You didn't know any spells.
Your spell library was empty.

Dungeon Overview and Level Annotations

Branches:
Dungeon (2/15)

Altars:

Shops:
D:1 [?:   D:2 [

Annotations:
D:1 2 transporters


Message History

You closely miss the bat. The bat hits you. The bat barely misses you.
The goblin hits you with a +0 club. The hobgoblin hits you.
You slash the bat!
You kill the bat!
Trog accepts your kill.
You can now call upon Trog for regeneration and willpower.
The hobgoblin flies into a frenzy!
The hobgoblin hits you. The goblin closely misses you. The hobgoblin hits you.
The goblin misses you.
You see here a bat corpse.
You hit the goblin.
The goblin is heavily wounded.
The hobgoblin hits you. The goblin barely misses you. The hobgoblin misses you.
You closely miss the goblin.
The goblin is heavily wounded.
The hobgoblin hits you! The goblin hits you with a +0 club.
* * * LOW HITPOINT WARNING * * *
The hobgoblin barely misses the goblin.
You hit the goblin.
You kill the goblin!
Trog accepts your kill. The hobgoblin hits you.
* * * LOW HITPOINT WARNING * * *
You barely miss the hobgoblin.
The hobgoblin is moderately wounded.
The hobgoblin hits you but does no damage.
The hobgoblin barely misses you.
You closely miss the hobgoblin.
The hobgoblin is moderately wounded.
The hobgoblin hits you.
* * * LOW HITPOINT WARNING * * *
The hobgoblin hits you but does no damage.
You hit the hobgoblin.
The hobgoblin is heavily wounded.
A bat comes into view.
The hobgoblin closely misses you. x2
You closely miss the hobgoblin.
The hobgoblin is heavily wounded.
The hobgoblin hits you.
You die...

###########
#.g..g.....
#.#########
########.#
#@)......#
##g########
#.b.#
#.#.....#
#. .###...
## ## . # #
#


You could see a bat and a neutral hobgoblin (fast, strong, insane).

Vanquished Creatures
  A worm (D:2)
  2 dart slugs
  2 ball pythons (D:1)
  2 endoplasms (D:1)
  A giant cockroach (D:1)
  3 hobgoblins (D:1)
  5 bats
  A frilled lizard (D:1)
  2 goblins
  5 kobolds (D:1)
  4 rats
28 creatures vanquished.

Notes
Turn   | Place    | Note
-------+----------+-------------------------------------------
     0 | D:1      | monkeyman the Human Berserker began the quest for the Orb.
     0 | D:1      | Reached XP level 1. HP: 18/18 MP: 1/1
   230 | D:1      | Reached XP level 2. HP: 21/24 MP: 2/2
   230 | D:1      | Found Motuelah's Magic Scroll Emporium.
   390 | D:1      | Found a transporter.
   390 | D:1      | Found Eluuvooz's Antique Armour Shop.
   535 | D:1      | Reached XP level 3. HP: 29/29 MP: 3/3
   628 | D:1      | Found Kilacafu's Book Emporium.
   979 | D:1      | Found a transporter.
  1072 | D:1      | Found a faded altar of an unknown god.
  1339 | D:2      | Found Mugaky's Antique Armour Boutique.
  1524 | D:2      | Reached ** piety under Trog
  1532 | D:2      | Slain by a hobgoblin

Illustrated notes

Levels and vault maps discovered:
D:1:      dpeg_arrival_rooms_a, layout_basic,
          dilly_ecumenical_altar_fadedgnrine, serial_shops, shop,
          nicolae_shop_drivethru, shop, chequers_big_river,
          minmay_misc_feat_columns
D:2:      layout_loops_ring, serial_shops,
          nicolae_shop_competitors_out_of_business, uniq_robin

Action                     || total
---------------------------++-------
  Melee: Falchion          ||    91
 Armour: Animal skin       ||    22
  Dodge: Dodged            ||    81
